 Dungeon Crawl Stone Soup version 0.28.0-49-g6dfe1f597d (webtiles) character file.

Game seed: 7575128916901045792

676 Exodus22XD the Poker (level 7, 0/54 HPs)
             Began as a Demonspawn Gladiator on May 15, 2022.
             Killed from afar by an orc wizard (2 damage)
             ... with a magic dart
             ... on level 4 of the Dungeon.
             The game lasted 00:03:59 (5025 turns).

Exodus22XD the Poker (Demonspawn Gladiator)         Turns: 5025, Time: 00:04:00

Health: 0/54       AC: 14    Str: 16    XL:     7   Next: 33%
Magic:  7/7        EV:  7    Int:  9    God:
Gold:   177        SH:  3    Dex: 15    Spells: 6/6 levels left

rFire   . . .      SeeInvis +   a - +0 trident
rCold   . . .      Faith    .   u - +0 buckler
rNeg    . . .      Spirit   .   o - +0 chain mail
rPois   .          Reflect  .   t - +2 helmet
rElec   .          Harm     .   (no cloak)
rCorr   .          Rampage  .   (no gloves)
Will    .....                   (no boots)
Stlth   ..........              (no amulet)
HPRegen 0.18/turn               f - ring of see invisible
MPRegen 0.10/turn               (no ring)

@: mighty
A: rugged brown scales 2, demonic guardian 1, weakness stinger 1
a: no special abilities


You were on level 4 of the Dungeon.
You visited 1 branch of the dungeon, and saw 5 of its levels.

You collected 217 gold pieces.
You spent 40 gold pieces at shops.

Inventory:

Hand Weapons
 a - a +0 trident (weapon)
Missiles
 d - 3 throwing nets (quivered)
Armour
 c - a +0 helmet
 o - a +0 chain mail (worn)
 t - a +2 helmet (worn)
 u - a +0 buckler (worn)
Jewellery
 f - a ring of see invisible (left hand)
Wands
 m - a wand of polymorph (13)
Scrolls
 e - 2 scrolls of amnesia {unknown}
 g - 2 scrolls of fear {unknown}
 k - 3 scrolls of identify {unknown}
 l - 2 scrolls of enchant weapon {unknown}
 p - a scroll of magic mapping {unknown}
 q - 2 scrolls of teleportation {unknown}
 s - a scroll of immolation {unknown}
 v - a scroll of fog {unknown}
Potions
 b - a potion of degeneration {unknown}
 h - a potion of haste {unknown}
 i - 3 potions of might
 j - a potion of mutation {unknown}
 n - a potion of flight {unknown}
 r - a potion of magic {unknown}


   Skills:
 + Level 3.5 Fighting
 + Level 5.1 Polearms
 + Level 1.9 Throwing
 + Level 3.8 Armour
 + Level 3.5 Dodging
 + Level 1.7 Stealth
 * Level 0.2 Shields


You had 6 spell levels left.
You didn't know any spells.
Your spell library was empty.

Dungeon Overview and Level Annotations

Branches:
Dungeon (5/15)
 Temple: D:4-7

Altars:

Shops:
D:2 *   D:4 !


Innate Abilities, Weirdness & Mutations

You are mostly covered in rugged brown scales. (AC +2, +5% HP)
A weak demonic guardian rushes to your aid.
You have a small tail.


Message History

The orc warrior hits you but does no damage.
The iguana bites you but does no damage.
The orc warrior hits you from afar with a +0 trident.
You hit the iguana. You tail-slap the iguana!
The iguana is almost dead.
You feel sick. The iguana bites you.
The orc warrior hits you from afar with a +0 trident.
* * * LOW HITPOINT WARNING * * *
You closely miss the iguana.
Your tail-slap misses the iguana.
The iguana is almost dead.
You feel sick. You block the iguana's attack.
The orc warrior hits you from afar with a +0 trident!
* * * LOW HITPOINT WARNING * * *
A demonic guardian appears!
The iguana closely misses you.
You feel sick.
You are no longer poisoned.
Okay, then.
Your shadow imp hits the iguana but does no damage.
Your shadow imp closely misses the iguana.
Found a stone staircase leading down.
Your shadow imp hits the orc warrior but does no damage.
You see here 12 gold pieces.
The orc wizard hits your shadow imp with a +0 dagger.
An orc wizard opens the door.
There is a stone staircase leading up here.
The orc wizard hits you but does no damage.
You climb upwards.
There is a stone staircase leading down here.
You closely miss the orc wizard.
The orc wizard hits you with a +2 dagger of holy wrath.
* * * LOW HITPOINT WARNING * * *
You convulse.
* * * LOW HITPOINT WARNING * * *
You miss the orc wizard.
The orc wizard hits you but does no damage.
The orc wizard completely misses you.
You barely miss the orc wizard.
The orc wizard gestures at you while chanting.
The magic dart hits you.
You die...

.....).#<.###.......>##
.........## ###.......#
.........######.......#
..........)..##..>....#
.........###.........##
.........# #####.....##
.........# #.......#
.........# #..o.(..#
........## #.@.....#
.#.....## ##.....##
######## ##...## #####


You could see an orc wizard (invisible).

Vanquished Creatures
  Eustachio (D:4)
  A phantom (D:4)
  A hound (D:4)
  A bullfrog zombie (D:5)
  2 jellies
  An orc wizard (D:4)
  A killer bee zombie (D:4)
  4 adders
  2 worms (D:2)
  3 dart slugs
  13 orcs
  6 endoplasms
  3 giant cockroaches
  5 goblins
  3 hobgoblins
  6 jackals
  A quokka (D:2)
  3 ball pythons (D:1)
  5 bats
  3 frilled lizards
  8 kobolds
  4 rats
77 creatures vanquished.

Vanquished Creatures (collateral kills)
  An ogre (D:2)
  A phantom (D:4)
  An endoplasm (D:4)
3 creatures vanquished.

Grand Total: 80 creatures vanquished

Notes
Turn   | Place    | Note
-------+----------+-------------------------------------------
     0 | D:1      | Exodus22XD the Demonspawn Gladiator began the quest for the
                  | Orb.
     0 | D:1      | Reached XP level 1. HP: 16/16 MP: 1/1
   147 | D:1      | Gained mutation: A weak demonic guardian rushes to your
                  | aid. [demonic ancestry]
   147 | D:1      | Reached XP level 2. HP: 17/22 MP: 2/2
   165 | D:1      | Reached skill level 3 in Polearms
  1227 | D:2      | Gained mutation: You are partially covered in rugged brown
                  | scales. (AC +1, +3% HP) [demonic ancestry]
  1227 | D:2      | Reached XP level 3. HP: 19/27 MP: 3/3
  1958 | D:2      | Noticed an ogre
  1973 | D:2      | Killed an ogre
  1974 | D:2      | Reached skill level 1 in Armour
  1974 | D:2      | Reached skill level 1 in Stealth
  1974 | D:2      | Gained mutation: You are mostly covered in rugged brown
                  | scales. (AC +2, +5% HP) [demonic ancestry]
  1974 | D:2      | Reached XP level 4. HP: 13/35 MP: 4/4
  1974 | D:2      | Reached XP level 5. HP: 15/40 MP: 5/5
  2576 | D:2      | Found Nahotip's General Store.
  2850 | D:3      | Reached skill level 4 in Polearms
  2991 | D:3      | Found a faded altar of an unknown god.
  2996 | D:3      | Noticed a golden eye
  2997 | D:3      | Noticed a great orb of eyes
  2997 | D:3      | Noticed a great orb of eyes
  2997 | D:3      | Noticed a golden eye
  3579 | D:4      | Noticed Eustachio
  3581 | D:4      | Found Erys's Distillery.
  3812 | D:4      | Killed Eustachio
  3813 | D:4      | Gained mutation: You have a small tail. [demonic ancestry]
  3813 | D:4      | Reached XP level 6. HP: 16/49 MP: 6/6
  4100 | D:4      | Bought a potion of might for 40 gold pieces
  4622 | D:4      | Reached skill level 5 in Polearms
  4622 | D:4      | Reached XP level 7. HP: 42/54 MP: 7/7
  4843 | D:5      | Entered Level 5 of the Dungeon
  5023 | D:4      | HP: 2/54 [orc wizard/+2 dagger of holy wrath (2)]
  5025 | D:4      | Killed from afar by an orc wizard

Illustrated notes

Levels and vault maps discovered:
D:1:      erik_arrival_orb_chamber, layout_basic, serial_forest,
          infiniplex_forest_side_room, infiniplex_forest_zigzag_1,
          infiniplex_forest_clump_diagonal, infiniplex_forest_clump_medium,
          infiniplex_forest_lined_corner, infiniplex_forest_clump_small
D:2:      minmay_spotlight, layout_basic, serial_shops, shop, serial_forest,
          infiniplex_forest_straight_3, infiniplex_forest_lined_1,
          infiniplex_forest_lined_corner, infiniplex_forest_lined_corner,
          infiniplex_forest_lined_ring, infiniplex_forest_end_1,
          infiniplex_forest_lined_1, infiniplex_forest_straight_3,
          infiniplex_forest_lined_4_way
D:3:      layout_loops_ring, hellmonk_ecumenical_altar_watching_god
D:4:      layout_rooms, serial_shops, nicolae_square_shop, grunt_ministairs_3,
          uniq_eustachio
D:5:      layout_basic, mainiacjoe_overflow_six_doors_small,
          minmay_temple_entry_glass, grunt_decor_arrowhead

Skill      XL: |  1  2  3  4  5  6 |
---------------+-------------------+-----
Polearms       | 3 4 5 |  5.1
Dodging        | 3 |  3.5
Armour         | 1 2 3 |  3.8
Stealth        | 1 |  1.7
Fighting       | 3 |  3.5
Throwing       | |  1.9
Shields        | |  0.2

Action                   |  1- 3 |  4- 6 |  7- 9 || total
-------------------------+-------+-------+-------++-------
Melee: Trident           |   144 |   172 |    45 ||   361
       Punch             |     1 |     1 |       ||     2
       Tailslap          |       |     8 |     4 ||    12
  Use: Potion            |       |       |     1 ||     1
 Stab: Sleeping          |     3 |     1 |       ||     4
Armor: Leather armour    |    43 |    17 |       ||    60
       Chain mail        |       |    71 |    20 ||    91
Dodge: Dodged            |    86 |    69 |    11 ||   166
Block: Buckler           |       |       |     9 ||     9
